 Dungeon Crawl Stone Soup version 0.21-a0-442-g848f44b (webtiles) character file.

1966 music the Carver (level 9, -4/75 HPs)
             Began as a Minotaur Berserker on Nov 17, 2017.
             Was a Priest of Trog.
             Slain by Jase's ghost (20 damage)
             ... on level 7 of the Dungeon.
             The game lasted 00:18:58 (5726 turns).

music the Carver (Minotaur Berserker)               Turns: 5726, Time: 00:18:58

Health: -4/75      AC:  9    Str: 22    XL:     9   Next: 0%
Magic:  17/17      EV:  8    Int:  5    God:    Trog [***...]
Gold:   350        SH:  5    Dex: 12    Spells: 8/8 levels left

rFire    . . .     SeeInvis .   a - +0 long sword
rCold    . . .     Gourm    .   s - +0 buckler
rNeg     . . .     Faith    .   t - +1 chain mail
rPois    .         Spirit   .   (helmet restricted)
rElec    .         Reflect  .   (no cloak)
rCorr    .         Harm     .   (no gloves)
MR       .....                  (no boots)
Stlth    ..........             (no amulet)
HPRegen  0.22/turn              n - ring of stealth
MPRegen  0.15/turn              m - ring of magical power

@: about to teleport, marked
A: retaliatory headbutt, horns 2
a: Berserk, Trog's Hand, Burn Spellbooks, Renounce Religion


You were on level 7 of the Dungeon.
You worshipped Trog.
Trog was most pleased with you.
You were not hungry.

You visited 1 branch of the dungeon, and saw 7 of its levels.

You collected 350 gold pieces.

Inventory:

Hand Weapons
 a - a +0 long sword (weapon)
 b - a +0 hand crossbow
Missiles
 H - 33 bolts
Armour
 o - a +0 large shield
 s - a +0 buckler (worn)
 t - a +1 chain mail (worn)
 F - a +0 naga barding
Jewellery
 e - a +4 ring of intelligence
 m - a ring of magical power (right hand)
 n - a ring of stealth (left hand)
 w - an uncursed ring of protection from cold {unknown}
Scrolls
 f - 4 scrolls of identify {@r1}
 h - 5 scrolls of amnesia
 i - 2 scrolls of fear
 j - a scroll of enchant weapon {unknown}
 k - 2 scrolls of enchant armour
 q - a scroll of noise {unknown}
 r - 2 scrolls of fog
 u - 2 scrolls of immolation {unknown}
 v - a scroll of random uselessness {unknown}
 y - a scroll of magic mapping {unknown}
 B - a scroll of teleportation
 E - a scroll of remove curse {unknown}
Potions
 d - 4 potions of heal wounds
 g - 2 potions of brilliance
 l - a potion of lignification {unknown}
 x - a potion of invisibility {unknown}
 z - 2 potions of curing {unknown}
 A - 2 potions of flight {unknown}
 G - a potion of berserk rage {unknown}
 I - a potion of magic {unknown}
 J - 2 potions of might {unknown}
Comestibles
 c - 3 bread rations
 p - a meat ration
 C - 2 royal jellies
 D - 2 fruits


   Skills:
 - Level 6.0 Fighting
 * Level 11.4 Long Blades
 + Level 4.8 Crossbows
 - Level 2.4 Armour
 - Level 2.1 Dodging
 - Level 4.1 Shields


You had 8 spell levels left.
You didn't know any spells.

Dungeon Overview and Level Annotations

Branches:
Dungeon (7/15)             Temple (0/1) D:5

Altars:
Hepliaklqana
Qazlal
Sif Muna
Trog
Yredelemnul

Annotations:
D:7 Jase's ghost, novice DsMo; Menkaure


Innate Abilities, Weirdness & Mutations

You reflexively headbutt those who attack you in melee.
You have a pair of horns on your head.


Message History

You feel strangely unstable. The hound barely misses you.
Jase's ghost hits you!
Menkaure calls on the powers of darkness!
The orc convulses!
The orc priest convulses!
The hound convulses!
The orc priest convulses!
Your body is wracked with pain!
* * * LOW HITPOINT WARNING * * *
The orc priest looks braver for a moment.
You block the hound's attack.
An orc priest comes into view. It is wielding a club.
Jase's ghost hits you.
* * * LOW HITPOINT WARNING * * *
The orc priest begins to cast a cantrip, but forgets the words!
You see here an arrow.
You feel much better. You block the hound's attack.
Menkaure calls on the powers of darkness!
The orc convulses!
The orc priest convulses!
The hound convulses!
Your body is wracked with pain!
* * * LOW HITPOINT WARNING * * *
Jase's ghost hits you!!
You die...

##########
#.....)W%#######...
#.###(.@h).Mo.oW...
#.# #.#####.###o##
#.# #.# #.# #.# #.#
#.# #.# #.#####.#
#.# #.......# #.#
#..###### #.# #..#
#.# #...


You could see Menkaure, a hound, an orc priest, Jase's ghost and an orc.

Vanquished Creatures
  The ghost of pagos the Cleaver, a novice MiBe of Trog (D:6)
  A water moccasin (D:5)
  A sky beast (D:5)
  2 phantoms (D:6)
  3 centaurs
  An ogre (D:7)
  A bullfrog (D:6)
  A howler monkey (D:2)
  The ghost of arthad the Skirmisher, a weakling GrFi (D:3)
  2 crimson imps
  A hound (D:6)
  2 jellies (D:7)
  3 orc priests
  7 worker ants
  3 orc wizards (D:5)
  A hound zombie (D:6)
  7 adders
  A shadow imp (D:6)
  2 oozes
  A worm (D:2)
  2 dart slugs
  4 leopard geckos
  11 orcs
  A giant cockroach (D:3)
  7 goblins
  9 hobgoblins
  6 jackals
  6 kobolds
  4 quokkas
  2 ball pythons
  11 bats
  6 frilled lizards
  13 rats
124 creatures vanquished.

Notes
Turn   | Place    | Note
-------+----------+-------------------------------------------
     0 | D:1      | music the Minotaur Berserker began the quest for the Orb.
     0 | D:1      | Reached XP level 1. HP: 19/19 MP: 0/0
    75 | D:1      | Reached skill level 4 in Long Blades
   164 | D:1      | Reached XP level 2. HP: 25/27 MP: 1/1
   301 | D:1      | Reached ** piety under Trog
   380 | D:1      | Reached XP level 3. HP: 29/33 MP: 2/2
   843 | D:2      | Reached skill level 5 in Long Blades
  1285 | D:2      | Reached skill level 1 in Shields
  1285 | D:2      | Reached XP level 4. HP: 32/41 MP: 3/3
  1670 | D:3      | Found a hazy altar of Hepliaklqana.
  1683 | D:3      | Noticed arthad's ghost (weakling GrFi)
  1689 | D:3      | Killed arthad's ghost
  1689 | D:3      | Reached skill level 6 in Long Blades
  1689 | D:3      | Reached XP level 5. HP: 47/47 MP: 4/4
  1818 | D:3      | Found a stormy altar of Qazlal.
  2599 | D:4      | Reached skill level 5 in Fighting
  2824 | D:4      | Reached *** piety under Trog
  2826 | D:4      | Reached XP level 6. HP: 56/56 MP: 5/5
  3135 | D:5      | Entered Level 5 of the Dungeon
  3144 | D:5      | Reached skill level 7 in Long Blades
  3582 | D:5      | Noticed a sky beast
  3601 | D:5      | Killed a sky beast
  3624 | D:5      | Found a staircase to the Ecumenical Temple.
  3672 | D:5      | Reached XP level 7. HP: 62/62 MP: 6/6
  3788 | D:5      | Reached skill level 8 in Long Blades
  3850 | D:5      | Found a deep blue altar of Sif Muna.
  4170 | D:6      | Found a bloodstained altar of Trog.
  4318 | D:6      | Noticed pagos's ghost (novice MiBe)
  4771 | D:6      | Reached skill level 9 in Long Blades
  4771 | D:6      | Reached skill level 1 in Crossbows
  4791 | D:5      | Reached XP level 8. HP: 46/70 MP: 7/7
  5137 | D:6      | Reached skill level 10 in Long Blades
  5295 | D:6      | Found a basalt altar of Yredelemnul.
  5532 | D:6      | Killed pagos's ghost
  5532 | D:6      | Reached skill level 11 in Long Blades
  5717 | D:7      | Reached XP level 9. HP: 55/75 MP: 8/8
  5719 | D:7      | Noticed Jase's ghost (novice DsMo)
  5720 | D:7      | Noticed Menkaure
  5726 | D:7      | Slain by Jase's ghost

Vault maps used:
D:1:      dpeg_arrival_pits, minmay_hexomino_c4
D:2:      first_bread
D:3:      lemuel_doored_altar, lemuel_round_altar
D:4:      grunt_decor_arrowhead
D:5:      led_sif_pool, minmay_temple_entry_large_hall, kennysheep_boxes
D:6:      nicolae_overflow_hidden_temple
D:7:      uniq_menkaure

Skill      XL: |  1  2  3  4  5  6  7  8 |
---------------+-------------------------+-----
Long Blades    | 4 5 6 7 9 11 | 11.4
Fighting       | 4 5 6 |  6.0
Shields        | 1 2 3 4 |  4.1
Crossbows      | 2 4 |  4.8
Armour         | |  2.4
Dodging        | |  2.1

Action                   |  1- 3 |  4- 6 |  7- 9 || total
-------------------------+-------+-------+-------++-------
Melee: Falchion          |    65 |       |       ||    65
       Headbutt          |    13 |    17 |    26 ||    56
       Long sword        |    14 |   101 |   100 ||   215
Invok: Berserk           |       |     3 |     2 ||     5
       Trog's Hand       |       |     1 |     1 ||     2
  Use: Scroll            |       |     7 |     1 ||     8
       Potion            |       |       |     1 ||     1
 Stab: Sleeping          |     2 |       |       ||     2
       Distracted        |     1 |       |       ||     1
  Eat: Chunk             |     1 |     9 |     6 ||    16
       Fruit             |       |       |     2 ||     2
       Bread ration      |       |       |     1 ||     1
Armor: Animal skin       |    18 |       |       ||    18
       Chain mail        |       |    32 |    40 ||    72
Dodge: Dodged            |    41 |    43 |    38 ||   122
Block: Buckler           |     6 |    18 |    23 ||    47
       Large shield      |     3 |       |       ||     3
       Rpst.: Falchion   |    10 |       |       ||    10
       Long sword        |     4 |    11 |     5 ||    20

Table legend:
 A = Spawn XP
 B = Non-spawn XP
 C = Spawn XP percentage of total XP
 D = Spawn monster count
 E = Non-spawn monster count
 F = Spawn count percentage of total count
 G = Total turns spent on level
                    A         B        C        D         E        F      G
               +---------+---------+-------+---------+---------+-------+---------
         Total |       0 |    2809 |   0.0 |       0 |     124 |   0.0 |  5726
               +---------+---------+-------+---------+---------+-------+---------
           D:1 |       0 |      54 |   0.0 |       0 |      32 |   0.0 |   840
           D:2 |       0 |     101 |   0.0 |       0 |      20 |   0.0 |   661
           D:3 |       0 |      76 |   0.0 |       0 |      14 |   0.0 |   762
           D:4 |       0 |     216 |   0.0 |       0 |      16 |   0.0 |   872
           D:5 |       0 |     717 |   0.0 |       0 |      20 |   0.0 |  1421
           D:6 |       0 |    1310 |   0.0 |       0 |      16 |   0.0 |  1032
           D:7 |       0 |     335 |   0.0 |       0 |       6 |   0.0 |   138
               +---------+---------+-------+---------+---------+-------+---------
